[Event "Titled Tuesday Blitz May 23 Late 2023"]
[White "Harish, Neeraj"]
[Black "Kokoszczynski, Jan"]
[WhiteFideId "30958130"]
[BlackFideId "1174460"]
[WhiteElo "1879"]
[BlackElo "2139"]
[Result "0-1"]
[Round "04"]
[TimeControl "180+2"]
[Date "2023.05.23"]
[WhiteClock "0:00:04"]
[BlackClock "0:00:16"]

1. e4 e5 2. Nf3 Nc6 3. Bc4 Bc5 4. O-O Nf6 5. d3 d6 6. c3 a6 7. a4 Ba7 8. Nbd2 O-O 9. h3 Ne7 10. d4 Ng6 11. Re1 h6 12. Nf1 c6 13. Bb3 Re8 14. Ng3 Be6 15. Bc2 Qd7 16. Be3 Qc7 17. Qd2 Rad8 18. Rad1 d5 19. exd5 exd4 20. Nxd4 Bxd5 21. Bxg6 fxg6 22. Qc2 Qf7 23. f3 Bxd4 24. Bxd4 Bb3 25. Qf2 Bxd1 26. Rxd1 c5 0-1


[Site "https://www.chess.com"]

[Event "Titled Tuesday Blitz May 23 Late 2023"]
[White "Santos Flores, Alberto"]
[Black "Hernandez Leon, Alberto"]
[WhiteFideId "3601234"]
[BlackFideId "2272555"]
[WhiteElo "2235"]
[BlackElo "2239"]
[Result "0-1"]
[Round "04"]
[TimeControl "180+2"]
[Date "2023.05.23"]
[WhiteClock "0:00:11"]
[BlackClock "0:00:10"]

1. e4 e5 2. Nf3 Nc6 3. Bc4 Nf6 4. d3 Bc5 5. c3 d6 6. O-O a6 7. Bb3 Ba7 8. Nbd2 O-O 9. h3 h6 10. Re1 Be6 11. Bc2 Re8 12. Nf1 Qd7 13. Ng3 Rad8 14. Nh4 Bxh3 15. gxh3 Qxh3 16. Nhf5 Ng4 17. Re2 Qh2+ 18. Kf1 Bxf2 19. Rd2 Qh3+ 20. Ke2 Bxg3 21. Nxg3 Qxg3 22. Qe1 Qf4 23. Rd1 Qh2+ 24. Kf3 Re6 25. Kxg4 Rg6+ 26. Kf3 Qh3+ 27. Ke2 Rg2+ 28. Qf2 Rxf2+ 29. Kxf2 Qh2+ 30. Ke1 Qxc2 31. Be3 Qxb2 32. Rac1 Qxa2 33. Rd2 Qe6 34. Rg2 d5 35. exd5 Qxd5 36. Rd2 f5 37. Kd1 f4 38. Bf2 Na5 39. Re2 Qxd3+ 40. Ke1 e4 41. Bd4 f3 42. Re3 Qc4 43. Rxe4 Nb3 44. Rd1 Nxd4 45. cxd4 Qc3+ 46. Kf2 Qc2+ 47. Ke1 Qxe4+ 0-1


[Site "https://www.chess.com"]

[Event "Titled Tuesday Blitz May 23 Late 2023"]
[White "olga-belka"]
[Black "Dzierzak, Radoslaw"]
[BlackFideId "1161407"]
[WhiteElo "2252"]
[BlackElo "2166"]
[Result "1-0"]
[Round "04"]
[TimeControl "180+2"]
[Date "2023.05.23"]
[WhiteClock "0:00:17"]
[BlackClock "0:00:00"]

1. e4 c6 2. d4 d5 3. exd5 cxd5 4. Bd3 Nc6 5. c3 Nf6 6. h3 g6 7. Nf3 Bg7 8. O-O O-O 9. Bf4 Bf5 10. Be2 Qb6 11. Qb3 Qxb3 12. axb3 a5 13. Nbd2 Bc2 14. Rfc1 Bf5 15. g4 Bd7 16. Ne5 Nxe5 17. Bxe5 Rfc8 18. c4 a4 19. bxa4 dxc4 20. a5 Nd5 21. Bxg7 Kxg7 22. Nxc4 Nf4 23. Bf1 Be6 24. b4 Rd8 25. Nb6 Rab8 26. Rc7 Rxd4 27. b5 Kf6 28. Na4 Bd5 29. Nc5 b6 30. Nd7+ Kg5 31. Nxb8 bxa5 32. Nc6 Rd2 33. Nxe7 Bf3 34. b6 Kh4 35. b7 Nxh3+ 36. Bxh3 Kxh3 37. b8=Q Rd4 38. Qb3 Rxg4+ 39. Kf1 Kh2 40. Qxf3 Rg1+ 41. Ke2 Rxa1 42. Rc3 Ra2+ 43. Kd1 Ra1+ 44. Kc2 Ra2+ 45. Kb1 1-0


[Site "https://www.chess.com"]

[Event "Titled Tuesday Blitz May 23 Late 2023"]
[White "KorolDimitriy75"]
[Black "Almedina Ortiz, Edgardo J."]
[BlackFideId "3100197"]
[WhiteElo "2384"]
[BlackElo "2217"]
[Result "1/2-1/2"]
[Round "04"]
[TimeControl "180+2"]
[Date "2023.05.23"]
[WhiteClock "0:00:16"]
[BlackClock "0:00:24"]

1. d4 d5 2. c4 e6 3. Nc3 Nf6 4. Bg5 c6 5. cxd5 exd5 6. e3 Be7 7. Bd3 Nbd7 8. Qc2 Nh5 9. Bxe7 Qxe7 10. Nge2 g6 11. h3 Nb6 12. O-O-O Be6 13. Kb1 O-O-O 14. Rc1 Kb8 15. g4 Nf6 16. Ng3 Ne8 17. Na4 Nxa4 18. Qxa4 Nd6 19. Rc3 Rhf8 20. Rhc1 Ka8 21. Ra3 Nc8 22. Rc5 Qd6 23. Ra5 Qb8 24. Ne2 f5 25. g5 f4 26. Nxf4 Rxf4 27. exf4 Bxh3 28. Bxg6 hxg6 29. Rxh3 Qxf4 30. Rc3 Qxf2 31. Rxc6 bxc6 32. Qxc6+ Kb8 33. Rb5+ Nb6 34. Rxb6+ axb6 35. Qxb6+ Kc8 36. Qc6+ Kb8 37. Qb6+ Kc8 38. Qc6+ Kb8 39. Qb6+ 1/2-1/2


[Site "https://www.chess.com"]

[Event "Titled Tuesday Blitz May 23 Late 2023"]
[White "Quirke, Jeffrey"]
[Black "Kaganskiy, Gleb"]
[WhiteFideId "2013029"]
[BlackFideId "4132025"]
[WhiteElo "2213"]
[BlackElo "2165"]
[Result "0-1"]
[Round "04"]
[TimeControl "180+2"]
[Date "2023.05.23"]
[WhiteClock "0:00:27"]
[BlackClock "0:00:50"]

1. e4 c5 2. Nc3 Nc6 3. f4 g6 4. Nf3 Bg7 5. a4 e6 6. e5 Nge7 7. Bb5 O-O 8. Ne4 b6 9. d4 cxd4 10. Nxd4 Bb7 11. Nxc6 dxc6 12. Bd3 c5 13. O-O c4 14. Nd6 cxd3 15. Nxb7 Qc7 16. Nd6 dxc2 17. Qd3 Nf5 18. Nxf5 exf5 19. Rf2 Rac8 20. Be3 Rfd8 21. Qc3 Qxc3 22. bxc3 Rxc3 23. Bc1 Rd1+ 24. Rf1 Bf8 0-1


[Site "https://www.chess.com"]

[Event "Titled Tuesday Blitz May 23 Late 2023"]
[White "Prieto Aranguren, Alain"]
[Black "Osiecki, Stanislaw"]
[WhiteFideId "2268906"]
[BlackFideId "1102990"]
[WhiteElo "2209"]
[BlackElo "2088"]
[Result "1/2-1/2"]
[Round "04"]
[TimeControl "180+2"]
[Date "2023.05.23"]
[WhiteClock "0:00:16"]
[BlackClock "0:00:41"]

1. e4 e6 2. d4 d5 3. exd5 exd5 4. Bd3 Bd6 5. Nf3 Ne7 6. O-O O-O 7. Re1 Bf5 8. c3 Qd7 9. Bg5 f6 10. Bh4 Bxd3 11. Qxd3 c6 12. Bg3 Bxg3 13. hxg3 Qf5 14. Qf1 Ng6 15. Nbd2 Na6 16. Nb3 Rfe8 17. Rxe8+ Rxe8 18. Re1 Rxe1 19. Qxe1 Kf7 20. Qc1 Qe6 21. Kf1 b6 22. Nbd2 Nc7 23. Qe1 Qxe1+ 24. Kxe1 Ke6 25. Ke2 c5 26. dxc5 bxc5 27. b4 c4 28. Nd4+ Kd7 29. a4 Ne6 30. Nxe6 Kxe6 31. Nf3 Ne5 32. Nxe5 fxe5 33. f4 d4 34. a5 d3+ 35. Ke3 exf4+ 36. gxf4 h5 37. f5+ Kd6 38. g3 Kc6 39. Kd2 Kd6 40. Kd1 Kc6 41. Ke1 Kd6 42. Kf2 Kc6 43. Kf3 Kd6 44. Ke3 Kc6 45. Kd2 Kd6 46. Kc1 Kc6 47. Kb2 Kd6 48. Kb1 Kc6 49. Kc1 Kd6 50. Kd1 Kc6 51. Ke1 Kd6 52. Kf2 Kc6 53. Kf3 Kd6 54. Ke3 1/2-1/2


[Site "https://www.chess.com"]

[Event "Titled Tuesday Blitz May 23 Late 2023"]
[White "Fuentes Godoy, Lilia Ivonne"]
[Black "Remolar Gallen, Jose"]
[WhiteFideId "5104130"]
[BlackFideId "2215187"]
[WhiteElo "2096"]
[BlackElo "2223"]
[Result "0-1"]
[Round "04"]
[TimeControl "180+2"]
[Date "2023.05.23"]
[WhiteClock "0:00:01"]
[BlackClock "0:00:29"]

1. d4 Nf6 2. c4 g6 3. d5 Bg7 4. Nc3 O-O 5. e4 d6 6. h3 Na6 7. Nf3 Nc5 8. Nd2 a5 9. Be2 e6 10. O-O exd5 11. exd5 Re8 12. Nf3 Nfe4 13. Nxe4 Nxe4 14. Bd3 Nc5 15. Bc2 b6 16. Bg5 Qd7 17. Re1 Ba6 18. Nd2 Bxb2 19. Rb1 Bc3 20. Rxe8+ Rxe8 21. Qf3 Bg7 22. h4 h6 23. Be3 h5 24. Re1 Qg4 25. Qxg4 hxg4 26. Kf1 Bc3 27. Bxc5 Rxe1+ 28. Kxe1 bxc5 29. Bd3 f5 30. Ke2 Kf7 31. Nb1 Bf6 32. Ke3 Bxh4 33. g3 Bg5+ 34. Ke2 Bf6 35. Nd2 Bc3 36. Nb3 a4 37. Nc1 Bb2 38. Kd1 Kf6 39. Ne2 g5 40. Kc2 Be5 41. Nc3 Bd4 42. Nxa4 Bxf2 0-1


[Site "https://www.chess.com"]

[Event "Titled Tuesday Blitz May 23 Late 2023"]
[White "Hajiyev, Kanan"]
[Black "Parizek, Vojtech"]
[WhiteFideId "13404148"]
[BlackFideId "360996"]
[WhiteElo "2103"]
[BlackElo "2115"]
[Result "1/2-1/2"]
[Round "04"]
[TimeControl "180+2"]
[Date "2023.05.23"]
[WhiteClock "0:00:40"]
[BlackClock "0:01:03"]

1. d4 d5 2. c4 c6 3. cxd5 cxd5 4. Nc3 Nf6 5. Nf3 Nc6 6. Bg5 e6 7. e3 Be7 8. Bd3 O-O 9. O-O a6 10. Rc1 Bd7 11. Qc2 h6 12. Bh4 Nb4 13. Qb1 Nxd3 14. Qxd3 Rc8 15. Ne5 b5 16. a3 Rc7 17. f4 b4 18. axb4 Qc8 19. Nxd7 Qxd7 20. b5 axb5 21. Qxb5 Qxb5 22. Nxb5 Rb7 23. Rc7 Rxb5 24. Rxe7 Rxb2 25. f5 exf5 26. Bxf6 gxf6 27. Rxf5 Rc8 28. Rxf6 Rcc2 29. Rfxf7 Rxg2+ 30. Kf1 Rxh2 31. Rg7+ Kh8 32. Rh7+ Kg8 33. Rhg7+ Kh8 34. Rh7+ Kg8 35. Rhg7+ 1/2-1/2


[Site "https://www.chess.com"]

[Event "Titled Tuesday Blitz May 23 Late 2023"]
[White "Liu, Kelsey"]
[Black "Blitz"]
[WhiteFideId "30944481"]
[WhiteElo "2210"]
[BlackElo "2462"]
[Result "0-1"]
[Round "04"]
[TimeControl "180+2"]
[Date "2023.05.23"]
[WhiteClock "0:00:19"]
[BlackClock "0:01:05"]

1. d4 d5 2. Nf3 Nf6 3. Bf4 c5 4. e3 Nc6 5. c3 Qb6 6. Qc1 Bf5 7. Nbd2 h6 8. Nb3 c4 9. Nc5 e6 10. Na4 Qa5 11. b3 b5 12. Nb2 Ne4 13. b4 Nxb4 14. a4 Nxc3 15. axb5 Nc2+ 16. Kd2 Nxa1 17. Qxc3 Bb4 0-1


[Site "https://www.chess.com"]

[Event "Titled Tuesday Blitz May 23 Late 2023"]
[White "Stork, Oliver"]
[Black "Ward, Ieuan C"]
[WhiteFideId "12955728"]
[BlackFideId "406627"]
[WhiteElo "2239"]
[BlackElo "2205"]
[Result "1/2-1/2"]
[Round "04"]
[TimeControl "180+2"]
[Date "2023.05.23"]
[WhiteClock "0:02:31"]
[BlackClock "0:02:25"]

1. e4 e5 2. Nf3 Nc6 3. Nc3 Nf6 4. Bb5 Bb4 5. O-O Bxc3 6. bxc3 O-O 7. d3 d6 8. Bg5 Bg4 9. h3 Bxf3 10. Qxf3 Qe7 11. Rfe1 h6 12. Bxf6 Qxf6 13. Qxf6 gxf6 14. Bxc6 bxc6 15. Rab1 Rab8 16. Rb3 Rb6 17. Reb1 Rfb8 18. Rxb6 Rxb6 19. Rxb6 cxb6 20. Kf1 Kg7 21. Ke2 Kg6 22. Kf3 f5 23. c4 1/2-1/2


[Site "https://www.chess.com"]

[Event "Titled Tuesday Blitz May 23 Late 2023"]
[White "Ziatdinov, Raset"]
[Black "Kovacevic, Radmila"]
[WhiteFideId "2015323"]
[BlackFideId "933171"]
[WhiteElo "2220"]
[BlackElo "2194"]
[Result "0-1"]
[Round "04"]
[TimeControl "180+2"]
[Date "2023.05.23"]
[WhiteClock "0:01:23"]
[BlackClock "0:02:23"]

1. e4 e5 2. Nf3 d5 3. exd5 e4 4. Qe2 Nf6 5. Nc3 Be7 6. Nxe4 O-O 7. d3 Nxd5 8. Bd2 f5 9. Nc3 Bf6 10. Qd1 Bxc3 11. bxc3 Re8+ 12. Be2 Qe7 13. d4 f4 14. Ne5 Nc6 15. Nd3 f3 16. gxf3 Bh3 17. c4 Nxd4 18. Be3 Nxe3 19. fxe3 Qxe3 0-1


[Site "https://www.chess.com"]

[Event "Titled Tuesday Blitz May 23 Late 2023"]
[White "Arias Igual, Alejandro"]
[Black "Davidson, Kevin"]
[WhiteFideId "2254905"]
[BlackFideId "2056810"]
[WhiteElo "2179"]
[BlackElo "2151"]
[Result "0-1"]
[Round "04"]
[TimeControl "180+2"]
[Date "2023.05.23"]
[WhiteClock "0:00:00"]
[BlackClock "0:00:09"]

1. e4 c5 2. Nf3 d6 3. Bb5+ Nd7 4. a4 Nf6 5. Nc3 a6 6. Be2 e6 7. a5 Be7 8. O-O O-O 9. Re1 Qc7 10. d3 Nb8 11. d4 Nc6 12. d5 exd5 13. exd5 Nxa5 14. h3 Bf5 15. Nh4 Bg6 16. f4 Nd7 17. Nxg6 hxg6 18. Bd3 Bh4 19. Rf1 c4 20. Be2 b5 21. Be3 Nb7 22. Bf3 Nbc5 23. Kh1 Rfe8 24. Bg1 Bf6 25. Qd2 b4 26. Na4 Nxa4 27. Rxa4 a5 28. c3 Nc5 29. Bxc5 Qxc5 30. Rfa1 bxc3 31. bxc3 Re3 32. R4a3 Rd3 33. Qe2 Rxc3 34. Rxc3 Bxc3 35. Rc1 Qd4 36. Qc2 Bb2 37. Qxc4 Qxc4 38. Rxc4 a4 39. Bd1 a3 40. Bb3 a2 41. Bxa2 Rxa2 42. Rc8+ Kh7 43. Rd8 Ba3 44. Rd7 f6 45. Kh2 Rd2 46. Kg3 Rxd5 47. Ra7 Bc5 0-1


[Site "https://www.chess.com"]

[Event "Titled Tuesday Blitz May 23 Late 2023"]
[White "Alimpic, Aleksa"]
[Black "Antonova, Nadezhda"]
[WhiteFideId "974323"]
[BlackFideId "14700182"]
[WhiteElo "2298"]
[BlackElo "1799"]
[Result "1-0"]
[Round "04"]
[TimeControl "180+2"]
[Date "2023.05.23"]
[WhiteClock "0:02:03"]
[BlackClock "0:02:13"]

1. Nf3 Nf6 2. g3 g6 3. b3 Bg7 4. Bb2 O-O 5. Bg2 d6 6. d4 c5 7. c4 cxd4 8. Nxd4 d5 9. cxd5 Nxd5 10. O-O e5 11. Nb5 Be6 12. N1c3 Nxc3 13. Nxc3 Qb6 14. Na4 Qa6 15. Nc5 Qb6 16. Bxb7 Qxc5 17. Bxa8 Nc6 18. Rc1 1-0


[Site "https://www.chess.com"]

[Event "Titled Tuesday Blitz May 23 Late 2023"]
[White "Chlpik, Martin"]
[Black "Figorito, Nick"]
[WhiteFideId "14923351"]
[BlackFideId "30923689"]
[WhiteElo "2109"]
[BlackElo "2354"]
[Result "0-1"]
[Round "04"]
[TimeControl "180+2"]
[Date "2023.05.23"]
[WhiteClock "0:00:00"]
[BlackClock "0:00:05"]

1. e4 e6 2. d4 d5 3. e5 c5 4. Nf3 cxd4 5. c3 dxc3 6. Nxc3 Nc6 7. Bd3 Nge7 8. O-O Ng6 9. Re1 Bc5 10. Qe2 O-O 11. Bg5 Be7 12. Bxe7 Qxe7 13. h4 Nf4 14. Qe3 Nxd3 15. Qxd3 h6 16. Nb5 a6 17. Nbd4 Nxd4 18. Qxd4 Bd7 19. Re3 Rac8 20. b3 Rc2 21. Qf4 Rfc8 22. Rae1 Rxa2 23. Nd4 Qb4 24. g4 Rcc2 25. Rf1 Rd2 26. Rf3 Be8 27. Nxe6 Qxf4 28. Nxf4 Bc6 29. e6 fxe6 30. Nxe6 Re2 31. Rf8+ Kh7 32. Nf4 Re4 33. h5 Rb2 34. f3 Rxf4 35. Rxf4 Rxb3 36. Re1 d4 37. Re7 Rxf3 38. Rxd4 Rf8 39. Rd6 Ra8 40. Rg6 Rg8 41. Kh2 a5 42. Kg3 a4 43. Kh4 a3 44. g5 hxg5+ 45. Kxg5 Kh8 46. h6 gxh6+ 47. Kxh6 Rxg6+ 48. Kxg6 Kg8 0-1


[Site "https://www.chess.com"]

[Event "Titled Tuesday Blitz May 23 Late 2023"]
[White "Sarkar, Justin"]
[Black "Florianovitz, Derlei Alex"]
[WhiteFideId "2010011"]
[BlackFideId "2114178"]
[WhiteElo "2168"]
[BlackElo "1953"]
[Result "1-0"]
[Round "04"]
[TimeControl "180+2"]
[Date "2023.05.23"]
[WhiteClock "0:00:05"]
[BlackClock "0:00:24"]

1. e4 e6 2. d4 d5 3. e5 c5 4. Nf3 Nc6 5. Bd3 cxd4 6. O-O Qc7 7. Bf4 h6 8. Re1 g5 9. Bg3 Bg7 10. Nbd2 Nb4 11. Nxd4 Nxd3 12. cxd3 a6 13. Qb3 Ne7 14. Rac1 Qd8 15. h4 g4 16. h5 O-O 17. Qd1 Nf5 18. Qxg4 Qg5 19. Qxg5 hxg5 20. Nxf5 exf5 21. f4 g4 22. Rc7 b5 23. Bh4 Be6 24. Bg5 Rfc8 25. Rec1 Rxc7 26. Rxc7 Rc8 27. Rxc8+ Bxc8 28. Kf2 Bf8 29. Nb3 Be6 30. Ke3 Bb4 31. Kd4 a5 32. Nc5 Bc8 33. a3 Be1 34. Kxd5 Bd2 35. Kc6 b4 36. axb4 axb4 37. b3 Be3 38. Kc7 Be6 39. Nxe6 fxe6 40. Kd7 Kf7 41. h6 Bd2 42. h7 Bxf4 43. Bxf4 Kg7 44. Kxe6 Kxh7 45. Kxf5 Kg7 46. Kxg4 Kf7 47. d4 Ke6 48. Bd2 Kd5 49. Bxb4 Kxd4 50. e6 Ke5 51. e7 Kd4 52. e8=Q Kd3 53. Bc5 Kc3 54. Qe3+ Kb2 55. Bd4+ Ka2 56. b4 Kb1 57. Qe2 1-0


[Site "https://www.chess.com"]

[Event "Titled Tuesday Blitz May 23 Late 2023"]
[White "Ammar, Sedrani"]
[Black "Winkels, Marcel"]
[WhiteFideId "9312331"]
[BlackFideId "1003887"]
[WhiteElo "2115"]
[BlackElo "1900"]
[Result "1-0"]
[Round "04"]
[TimeControl "180+2"]
[Date "2023.05.23"]
[WhiteClock "0:00:10"]
[BlackClock "0:00:00"]

1. d4 Nf6 2. c4 g6 3. Nc3 d5 4. cxd5 Nxd5 5. e4 Nxc3 6. bxc3 Bg7 7. Bc4 c5 8. Ne2 O-O 9. O-O Nc6 10. Be3 b6 11. Rc1 Bb7 12. Qd2 Na5 13. Bd3 Rc8 14. h4 Qd7 15. h5 cxd4 16. cxd4 Rxc1 17. Rxc1 Rc8 18. Rxc8+ Qxc8 19. h6 Bf8 20. d5 e6 21. dxe6 Qxe6 22. f3 Qc8 23. Kf2 Nc4 24. Bxc4 Qxc4 25. Qd7 Ba6 26. Nf4 Qc2+ 27. Kg3 Qc8 28. Nd5 Qxd7 29. Nf6+ Kh8 30. Nxd7 Be7 31. Kf4 Bc4 32. a3 Bb5 33. Bd4+ Kg8 34. Ne5 Bxa3 35. Ng4 Bd6+ 36. Ke3 Be7 37. f4 a5 38. Bxb6 a4 39. Bd4 a3 40. Kd2 Bd7 41. Ne5 Be6 42. Kc2 a2 43. Kb2 Bf8 44. g4 Bxh6 45. f5 gxf5 46. exf5 Bd5 47. Nd7 Bf4 48. Nf6+ Kf8 49. Nxd5 Bg5 50. f6 Ke8 51. Kxa2 Kd7 52. Kb3 Ke6 53. Kc4 h6 54. Bb2 Bh4 55. Nc7+ Kd7 56. Nb5 Ke6 57. Nd4+ 1-0


[Site "https://www.chess.com"]

[Event "Titled Tuesday Blitz May 23 Late 2023"]
[White "Rodriguez Santiago, Jaime"]
[Black "Essa, Naseem Ahmed"]
[WhiteFideId "3100898"]
[BlackFideId "14316560"]
[WhiteElo "2025"]
[BlackElo "1883"]
[Result "1-0"]
[Round "04"]
[TimeControl "180+2"]
[Date "2023.05.23"]
[WhiteClock "0:00:42"]
[BlackClock "0:00:00"]

1. c4 e5 2. Nc3 Nf6 3. g3 c5 4. Bg2 Nc6 5. e4 g6 6. Nge2 Bg7 7. O-O O-O 8. d3 d6 9. h3 Ne8 10. Be3 f5 11. f4 Nf6 12. Nd5 Nd4 13. Nxd4 cxd4 14. Bd2 Be6 15. Rc1 Rb8 16. fxe5 dxe5 17. Bb4 Rf7 18. Nxf6+ Bxf6 19. exf5 gxf5 20. Qh5 Bg5 21. Rce1 Be3+ 22. Kh1 Rg7 23. Qf3 Qg5 24. Bd6 Re8 25. Bxe5 Rf7 26. Bf4 Qg6 27. Bxe3 dxe3 28. Rxe3 f4 29. gxf4 Ref8 30. Re4 Bf5 31. Rd4 Bxd3 32. Qxd3 Qh5 33. Bd5 1-0


[Site "https://www.chess.com"]

[Event "Titled Tuesday Blitz May 23 Late 2023"]
[White "Evdokimov, Alexey"]
[Black "Blackwhite017"]
[WhiteFideId "24162450"]
[WhiteElo "2154"]
[BlackElo "2090"]
[Result "1-0"]
[Round "04"]
[TimeControl "180+2"]
[Date "2023.05.23"]
[WhiteClock "0:02:36"]
[BlackClock "0:01:58"]

1. e4 c5 2. Nf3 Nc6 3. d4 cxd4 4. Nxd4 g6 5. Nc3 Bg7 6. Be3 Nf6 7. Nxc6 bxc6 8. e5 Ng8 9. Bd4 f6 10. f4 fxe5 11. fxe5 Qa5 12. Bc4 Bxe5 13. O-O Bxd4+ 14. Qxd4 Qb6 15. Rad1 Qxd4+ 16. Rxd4 d5 17. Bb3 e5 18. Re1 1-0


[Site "https://www.chess.com"]

[Event "Titled Tuesday Blitz May 23 Late 2023"]
[White "Hartikainen, Jarmo"]
[Black "Rodriguez Polo, Mateo"]
[WhiteFideId "503134"]
[BlackFideId "24509396"]
[WhiteElo "2070"]
[BlackElo "2117"]
[Result "1/2-1/2"]
[Round "04"]
[TimeControl "180+2"]
[Date "2023.05.23"]
[WhiteClock "0:00:06"]
[BlackClock "0:00:13"]

1. e4 e5 2. Nf3 Nc6 3. d4 exd4 4. Nxd4 Nf6 5. Nxc6 bxc6 6. e5 Qe7 7. Qe2 Nd5 8. Nd2 f6 9. exf6 Qxe2+ 10. Bxe2 Nxf6 11. O-O Bc5 12. Bf3 O-O 13. Re1 d5 14. Nb3 Bb6 15. Be3 Bf5 16. c3 Rae8 17. Bxb6 cxb6 18. a4 a5 19. Nd4 Bd7 20. Kf1 c5 21. Nb5 Bxb5+ 22. axb5 Kf7 23. h3 Rxe1+ 24. Kxe1 Re8+ 25. Kd2 Ne4+ 26. Bxe4 Rxe4 27. f3 Rf4 28. Ke3 g5 29. g3 Rf6 30. Rf1 Re6+ 31. Kd3 Kf6 32. f4 gxf4 33. Rxf4+ Kg6 34. Rg4+ Kf7 35. Rf4+ Rf6 36. Rxf6+ Kxf6 37. b3 Kf5 38. Ke3 Ke5 39. Kd3 h5 40. Ke3 Kf5 41. Kd3 Kg5 42. Ke3 Kg6 43. Kd3 Kf6 44. Ke3 Ke6 45. Kd3 Ke5 46. Ke3 Kf5 47. Kd3 Kg5 48. Ke3 Kg6 49. Kd3 Kf6 50. Ke3 Ke6 51. Kd3 Kd6 52. Ke3 c4 53. bxc4 dxc4 54. Kd2 Ke5 55. Ke3 Kd5 56. g4 hxg4 57. hxg4 Ke5 58. g5 Kf5 59. Kd4 Kxg5 60. Kxc4 Kf5 61. Kd5 Kf6 62. c4 a4 63. c5 a3 64. cxb6 a2 65. b7 a1=Q 66. b8=Q Qd1+ 67. Kc6 Qc2+ 68. Kb7 Qe4+ 69. Ka7 Qa4+ 70. Kb7 Qxb5+ 71. Kc8 Qe8+ 72. Kb7 Qe7+ 73. Qc7 Qb4+ 74. Qb6+ Qxb6+ 75. Kxb6 1/2-1/2


[Site "https://www.chess.com"]

[Event "Titled Tuesday Blitz May 23 Late 2023"]
[White "Dmitriev, Sergey"]
[Black "Della Corte, Alessandro"]
[WhiteFideId "14101785"]
[BlackFideId "813540"]
[WhiteElo "2132"]
[BlackElo "2205"]
[Result "0-1"]
[Round "04"]
[TimeControl "180+2"]
[Date "2023.05.23"]
[WhiteClock "0:01:17"]
[BlackClock "0:01:17"]

1. d4 d5 2. Bf4 Nf6 3. Nf3 c5 4. e3 Nc6 5. c3 Qb6 6. Qb3 c4 7. Qxb6 axb6 8. Be2 b5 9. Nbd2 Bf5 10. O-O b4 11. Ne5 bxc3 12. bxc3 e6 13. a4 Nxe5 14. Bxe5 Be7 15. f3 Kd7 16. g4 Bg6 17. h4 Bc2 18. g5 Nh5 19. f4 f6 20. Bxh5 fxe5 21. fxe5 Rhf8 22. Nb1 Rxf1+ 23. Kxf1 Rxa4 24. Rxa4 Bxa4 25. Ke1 Bc2 26. Nd2 b5 27. Bd1 Bd3 28. Be2 Bc2 29. Bd1 Bf5 30. Nf3 b4 31. cxb4 Bxb4+ 32. Ke2 Bd3+ 33. Kf2 Be4 34. Ne1 Be7 35. Bc2 Bxc2 36. Nxc2 h6 37. gxh6 Bxh4+ 38. Kf3 gxh6 39. Kg4 Be7 40. Kh5 Bf8 41. Kg6 c3 42. Kh5 Ke8 43. Kg4 Kf7 44. Kf3 Kg6 45. Kg4 h5+ 46. Kh4 Be7+ 47. Kh3 Kf5 48. Kg3 Ke4 49. Nb4 Bxb4 0-1


[Site "https://www.chess.com"]

[Event "Titled Tuesday Blitz May 23 Late 2023"]
[White "MunichMouse"]
[Black "dorpato"]
[WhiteElo "2267"]
[BlackElo "2042"]
[Result "1-0"]
[Round "04"]
[TimeControl "180+2"]
[Date "2023.05.23"]
[WhiteClock "0:00:28"]
[BlackClock "0:00:00"]

1. d4 Nf6 2. c4 g6 3. g3 Bg7 4. Bg2 c6 5. d5 cxd5 6. cxd5 d6 7. Nc3 O-O 8. e4 Nbd7 9. Nge2 b6 10. O-O Bb7 11. Nd4 Nc5 12. b3 e6 13. Re1 exd5 14. exd5 Ncd7 15. Nc6 Bxc6 16. dxc6 Ne5 17. f4 Neg4 18. Ba3 Re8 19. Qxd6 Qxd6 20. Bxd6 Rxe1+ 21. Rxe1 Ne8 22. Nb5 a6 23. c7 Rc8 24. Na7 Bd4+ 25. Kf1 Nxh2+ 26. Ke2 Nxd6 27. Nxc8 Nxc8 28. Kd3 Kf8 29. Kxd4 Ng4 30. Bh3 h5 31. Bxg4 hxg4 32. Kd5 f6 33. Kc6 g5 34. fxg5 f5 35. Kd7 Na7 36. Re8+ Kf7 37. Ra8 1-0


[Site "https://www.chess.com"]

[Event "Titled Tuesday Blitz May 23 Late 2023"]
[White "De Souza, Cristiano Gomes"]
[Black "Castillo Pena, Patricia Evarista"]
[WhiteFideId "2151758"]
[BlackFideId "6412106"]
[WhiteElo "2068"]
[BlackElo "1919"]
[Result "1-0"]
[Round "04"]
[TimeControl "180+2"]
[Date "2023.05.23"]
[WhiteClock "0:00:56"]
[BlackClock "0:00:11"]

1. d4 d5 2. c4 c6 3. Nf3 Nf6 4. Nc3 e6 5. Bg5 Nbd7 6. e3 Be7 7. Rc1 O-O 8. Be2 h6 9. Bh4 b6 10. O-O Bb7 11. h3 Rc8 12. Bg3 a6 13. Qa4 c5 14. cxd5 exd5 15. Ne5 b5 16. Qd1 Nxe5 17. dxe5 Ne4 18. Nxe4 dxe4 19. Qc2 c4 20. Rcd1 Qb6 21. Rd7 Rfe8 22. Rfd1 Bc6 23. R7d2 Bb4 24. Rd4 Bc5 25. R4d2 Bb4 26. Rd4 Bc5 27. Rxe4 Bxe4 28. Qxe4 Qc6 29. Qb1 Bf8 30. Bf3 Qe6 31. Bd5 Qb6 32. Qf5 Re7 33. Qxc8 1-0


[Site "https://www.chess.com"]

[Event "Titled Tuesday Blitz May 23 Late 2023"]
[White "Burke, Paul"]
[Black "Chakravarthi Reddy, M"]
[WhiteFideId "2605767"]
[BlackFideId "25009532"]
[WhiteElo "1890"]
[BlackElo "2201"]
[Result "0-1"]
[Round "04"]
[TimeControl "180+2"]
[Date "2023.05.23"]
[WhiteClock "0:00:11"]
[BlackClock "0:00:24"]

1. e4 e5 2. Nf3 Nc6 3. Bc4 Nf6 4. d4 exd4 5. O-O Nxe4 6. Re1 d5 7. Bxd5 Qxd5 8. Nc3 Qh5 9. Nxe4 Be7 10. Bg5 Be6 11. Bxe7 Nxe7 12. Nxd4 Bg4 13. f3 Bd7 14. Qe2 O-O-O 15. c3 Rhe8 16. Qf2 Nc6 17. Ng3 Qc5 18. Nxc6 Qxf2+ 19. Kxf2 Bxc6 20. Rxe8 Rxe8 21. Rd1 g6 22. Rd2 f5 23. Ne2 b6 24. Nd4 Bd7 25. Re2 Rxe2+ 26. Nxe2 g5 27. b3 c5 28. Nc1 Kc7 29. Nd3 Kd6 30. g3 Kd5 31. Ke3 c4 32. Nb2 cxb3 33. axb3 b5 34. Nd3 a5 35. f4 g4 36. Nb2 a4 37. c4+ bxc4 38. bxc4+ Kc5 39. Kd3 a3 40. Nd1 a2 0-1


[Site "https://www.chess.com"]

[Event "Titled Tuesday Blitz May 23 Late 2023"]
[White "Xiong, Jeffery"]
[Black "Nihal Sarin"]
[WhiteFideId "2047640"]
[BlackFideId "25092340"]
[WhiteElo "2726"]
[BlackElo "2689"]
[Result "0-1"]
[Round "05"]
[TimeControl "180+2"]
[Date "2023.05.23"]
[WhiteClock "0:00:09"]
[BlackClock "0:00:05"]

1. e4 c6 2. Nf3 d5 3. d3 f6 4. exd5 cxd5 5. d4 Bg4 6. h3 Bh5 7. Be2 Nc6 8. O-O e6 9. Re1 Bd6 10. c4 Nge7 11. Nc3 O-O 12. a3 Kh8 13. c5 Bc7 14. b4 a6 15. Rb1 e5 16. Nxe5 fxe5 17. Bxh5 Nxd4 18. Bg5 g6 19. Bxe7 Qxe7 20. Nxd5 Qf7 21. Nxc7 Rad8 22. Bg4 h5 23. Bf3 Qxc7 24. Qc1 Rxf3 25. Qh6+ Qh7 26. Qxh7+ Kxh7 27. gxf3 Nxf3+ 28. Kg2 Nxe1+ 29. Rxe1 Rd5 30. Kf3 Kg7 31. Ke4 Rd8 32. Rc1 Kf6 33. c6 Rd4+ 34. Ke3 bxc6 35. Rxc6+ Kf5 36. Rxa6 Rh4 37. b5 Rxh3+ 38. Ke2 Rb3 39. a4 h4 40. Kf1 g5 41. b6 Kg4 42. Kg2 h3+ 43. Kh2 Rb2 44. Kg1 Rb1+ 45. Kh2 Rb2 46. Kg1 e4 47. a5 e3 0-1


[Site "https://www.chess.com"]